 Dungeon Crawl Stone Soup version 0.30.0-10-gfe55d96785 (webtiles) character file.

Game seed: 15394880019792442241

63 monsoonserge the Sneak (level 4, -5/30 (31) HPs)
             Began as a Formicid Enchanter on May 16, 2023.
             Slain by Crazy Yiuf
             ... wielding a +2 quarterstaff of chaos
              (8 damage)
             ... on level 2 of the Dungeon.
             The game lasted 00:06:33 (1417 turns).

monsoonserge the Sneak (Formicid Enchanter)         Turns: 1417, Time: 00:06:34

HP:   -5/30 (31)    AC:  3    Str: 12    XL:     4   Next: 31%
MP:   1/7           EV: 12    Int: 17    God:
Gold: 94            SH:  0    Dex: 14    Spells: 2/7 levels left

rFire   . . .        a - +1 dagger
rCold   . . .        (no shield)
rNeg    . . .        f - +0 leather armour
rPois   .            (helmet unavailable)
rElec   .            (no cloak)
rCorr   .            (no gloves)
SInv    +            (no boots)
Will    .....        (no amulet)
Stlth   ++           (no ring)
HPRegen 0.25/turn    (no ring)
MPRegen 0.10/turn

%: no passive effects
@: lethally poisoned (-5 -> -14), lightly drained
A: permanent stasis, dig shafts and tunnels, antennae 3, four strong arms
a: Dig, Shaft Self


You were on level 2 of the Dungeon.
You visited 1 branch of the dungeon, and saw 2 of its levels.

You collected 94 gold pieces.

Inventory:

Hand Weapons
 a - a +1 dagger (weapon)
 b - a +0 shortbow
Armour
 f - a +0 leather armour (worn)
 j - a +0 ring mail
Scrolls
 d - 2 scrolls of noise {unknown}
 e - 3 scrolls of identify {unknown}
 g - a scroll of fear {unknown}
 k - a scroll of vulnerability {unknown}
 l - a scroll of fog {unknown}
 n - a scroll of teleportation {unknown}
Potions
 c - 2 potions of invisibility
 h - 2 potions of curing {unknown}
 i - a potion of cancellation {unknown}
 m - a potion of might {unknown}


   Skills:
 + Level 0.5 Fighting
 + Level 1.5 Short Blades
 * Level 1.3 Armour
 + Level 2.0 Dodging
 + Level 4.2 Stealth
 + Level 2.4 Spellcasting
 + Level 4.1 Hexes
 * Level 0.6 Ice Magic


You had 2 spell levels left.
You knew the following spells:

 Your Spells              Type           Power      Damage    Failure   Level
a - Ensorcelled Hibernat  Hex/Ice        20%        N/A       13%         2
b - Confusing Touch       Hex            16%        N/A       13%         3

Your spell library contained the following spells:

 Spells                   Type           Power      Damage    Failure   Level
 Apportation              Tloc           4%         N/A       24%         1
 Tukima's Dance           Hex            16%        N/A       13%         3
 Dazzling Flash           Conj/Hex       18%        N/A       30%         3
 Summon Guardian Golem    Hex/Summ       9%         N/A       30%         3
 Volatile Blastmotes      Fire/Tloc      4%         2d10      56%         3
 Fulminant Prism          Conj/Hex       4%         3d5       69%         4
 Iskenderun's Mystic Bla  Conj/Tloc      2%         2d3       93%         4
 Alistair's Intoxication  Tmut/Pois      1%         N/A       100%        5
 Lee's Rapid Deconstruct  Erth           1%         3d4*      100%        5
 Orb of Destruction       Conj           1%         9d5       100%        7
 Spellforged Servitor     Conj/Summ      1%         N/A       100%        7


Dungeon Overview and Level Annotations

Branches:
Dungeon (2/15)

Altars:

Annotations:
D:2 Crazy Yiuf


Innate Abilities, Weirdness & Mutations

You cannot be hasted, slowed, berserked, paralysed or teleported.
You can dig through walls and to a lower floor.
You have a pair of large antennae on your head. (SInv)
Your four strong arms can wield two-handed weapons with a shield.


Message History

Confirm with . or Enter, or press ? or * to list all spells.
Okay, then.
Okay, then.
Found a runed hammer and two hammers.
Found a runed translucent door.
You see here a +1 hammer of protection.
Crazy Yiuf shouts!
Crazy Yiuf whimpers, "Flower cower bag!"
You see here a +2 heavy hammer.
You see here a +0 hammer.
Found two hammers.
You open the door.
Casting: Ensorcelled Hibernation (safe; 13% risk of failure)
Confirm with . or Enter, or press ? or * to list all spells.
Aiming: Ensorcelled Hibernation (safe; 13% risk of failure)
Press: ? - help, Shift-Dir - straight line, f - Crazy Yiuf
Aim: Crazy Yiuf, wielding a +2 quarterstaff of chaos and wearing a +0 cloak (chance to affect: 52%) Crazy Yiuf resists with significant effort.
Crazy Yiuf hits you with a +2 quarterstaff of chaos!
You are poisoned.
Casting: Ensorcelled Hibernation (safe; 13% risk of failure)
Confirm with . or Enter, or press ? or * to list all spells.
Aiming: Ensorcelled Hibernation (safe; 13% risk of failure)
Press: ? - help, Shift-Dir - straight line, f/p - Crazy Yiuf
Aim: Crazy Yiuf, wielding a +2 quarterstaff of chaos and wearing a +0 cloak (chance to affect: 52%) Crazy Yiuf resists with significant effort.
You feel very sick.
Crazy Yiuf hits you with a +2 quarterstaff of chaos!
You feel drained.
* * * LOW HITPOINT WARNING * * *
Casting: Ensorcelled Hibernation (safe; 13% risk of failure)
Confirm with . or Enter, or press ? or * to list all spells.
Aiming: Ensorcelled Hibernation (safe; 13% risk of failure)
Press: ? - help, Shift-Dir - straight line, f/p - Crazy Yiuf
Aim: Crazy Yiuf, wielding a +2 quarterstaff of chaos and wearing a +0 cloak (chance to affect: 52%) Crazy Yiuf resists with significant effort.
* * * LOW HITPOINT WARNING * * *
You feel very sick.
Crazy Yiuf says, "Shower!"
Crazy Yiuf hits you with a +2 quarterstaff of chaos!
You die...

...# #......†..# #.......#####
..)####.........#####.......###..
..#....#####..................†..
..#......# ##############...###..
..+......# #.....'.. ..#......#
#..####b. .........# ###
####.....'.. .###...### #)..###
##..#..####.. .###.....#
#...g@####..........>. .#......##
#)).##))#............. .#......#
### ###)#...#........ ........#
#######.#)..... ......#.##
#.#......
......#..################.#......
......###..........#.............
........+..........#........#....
+########..........#........#....


You could see Crazy Yiuf.

Vanquished Creatures
  2 adders (D:2)
  A dart slug (D:1)
  4 endoplasms
  4 giant cockroaches
  2 goblins (D:1)
  2 hobgoblins (D:1)
  A quokka (D:1)
  3 ball pythons
  4 bats
  16 frilled lizards
  6 kobolds
  3 rats (D:1)
48 creatures vanquished.

Notes
Turn   | Place    | Note
-------+----------+-------------------------------------------
     0 | D:1      | monsoonserge the Formicid Enchanter began the quest for the
                  | Orb.
     0 | D:1      | Reached XP level 1. HP: 13/13 MP: 3/3
   150 | D:1      | Reached XP level 2. HP: 19/19 MP: 5/5
   505 | D:1      | Reached XP level 3. HP: 22/24 MP: 6/6
   527 | D:1      | Learned a level 2 spell: Ensorcelled Hibernation
   698 | D:1      | Learned a level 3 spell: Confusing Touch
   980 | D:2      | Reached skill level 1 in Armour
   980 | D:2      | Reached XP level 4. HP: 30/30 MP: 7/7
  1410 | D:2      | Found a runed translucent door.
  1411 | D:2      | Noticed Crazy Yiuf
  1417 | D:2      | Slain by Crazy Yiuf

Illustrated notes

Levels and vault maps discovered:
D:1:      kennysheep_arrival_forest, layout_loops_ring, minmay_lizard_pond
D:2:      layout_basic, uniq_crazy_yiuf_cottage

Skill      XL: |  1  2  3 |
---------------+----------+-----
Hexes          | 4 |  4.1
Stealth        | 4 |  4.2
Dodging        | 2 |  2.0
Armour         | 1 |  1.3
Fighting       | |  0.5
Short Blades   | |  1.5
Spellcasting   | |  2.4
Ice Magic      | |  0.6

Action                     |  1- 3 |  4- 6 || total
---------------------------+-------+-------++-------
  Melee: Dagger            |   138 |    18 ||   156
         Punch             |     1 |       ||     1
   Cast: Ensorcelled Hiber |     3 |     3 ||     6
   Stab: Sleeping          |     4 |     2 ||     6
         Distracted        |     1 |       ||     1
 Armour: Robe              |     3 |       ||     3
         Leather armour    |    34 |     8 ||    42
  Dodge: Dodged            |    67 |     2 ||    69
